 Dungeon Crawl Stone Soup version 0.14-a0-3491-gb7ac591 (webtiles) character file.

63 timbw the Cudgeler (level 3, -4/35 HPs)
             Began as a Troll Arcane Marksman on Mar 25, 2014.
             Slain by Pseilin the merfolk
             ... wielding a +0,+0 trident
             ... created by the player character
              (8 damage)
             ... on Level 5 of the Dungeon.
             The game lasted 00:02:18 (465 turns).

timbw the Cudgeler (Troll Arcane Marksman)           Turns: 465, Time: 00:02:18

HP  -4/35        AC  5     Str 21      XL: 3   Next: 16%
MP   3/3         EV  5     Int 15      God:
Gold 28          SH  0     Dex  7      Spells:  1 memorised,  3 levels left

rFire  . . .     SeeInvis .     i - plain deck of changes {drawn: 7}
rCold  . . .     Clarity  .     a - +0 robe
rNeg   . . .     Conserve .     (shield restricted)
rPois  .         rCorr    .     (helmet restricted)
rElec  .         rRot     .     (no cloak)
SustAb . .       Spirit   .     (gloves unavailable)
rMut   .         Warding  .     (boots unavailable)
Gourm  +         Stasis   .     (no amulet)
MR     +....                    (no ring)
                                n - ring of protection from magic {unknown}

@: exhausted, brilliant, held, slowed, very slow, somewhat resistant to hostile
enchantments, very unstealthy
A: unfitting armour, claws 3, fast metabolism 3, gourmand, regeneration 2,
saprovore 2, shaggy fur 1, tough skin 2
a: no special abilities


You were on level 5 of the Dungeon.
You were not hungry.

You visited 1 branch of the dungeon, and saw 5 of its levels.

You collected 28 gold pieces.

Inventory:

Hand weapons
 p - a +0,+0 club
Missiles
 b - 4 large rocks (quivered)
 c - 2 throwing nets
Armour
 a - a +0 robe (worn)
Comestibles
 f - 4 meat rations
 j - a rotting chunk of giant cockroach flesh
 k - 2 rotting chunks of goblin flesh
 m - a chunk of giant newt flesh
 s - 2 chunks of hobgoblin flesh
 t - 2 chunks of jackal flesh
Scrolls
 e - a scroll of enchant weapon II {unknown}
 l - 2 scrolls of identify {unknown}
 o - a scroll of blinking {unknown}
 r - a scroll of random uselessness {unknown}
Jewellery
 n - a ring of protection from magic (left claw) {unknown}
Potions
 q - a potion of poison {unknown}
Books
 d - a book of Debilitation

   Spells                             Type                      Level
   *Corona                            Hexes                        1
   Slow                               Hexes                        2
   Inner Flame                        Hexes/Fire                   3
   Enslavement                        Hexes                        4
   Cause Fear                         Hexes                        4
   Leda's Liquefaction                Hexes/Earth                  4
 g - a book of Transfigurations

   Spells                             Type                      Level
   Stoneskin                          Transmutation/Earth          2
   Ice Form                           Ice/Transmutation            4
   Statue Form                        Transmutation/Earth          6
   Dragon Form                        Transmutation                7
Miscellaneous
 i - a plain deck of changes {drawn: 7} (in claw)


   Skills:
 - Level 2.2 Fighting
 + Level 3.8 Maces & Flails
 - Level 1.7 Throwing
 - Level 1.5 Dodging
 - Level 1.0 Spellcasting
 - Level 2.0 Hexes


You had 3 spell levels left.
You knew the following spells:

 Your Spells              Type           Power        Failure   Level  Hunger
a - Corona                Hex            ###....      1%          1    ##.....


Dungeon Overview and Level Annotations

Branches:
Dungeon (5/15)
 Temple: D:4-7

Altars:
Nemelex Xobeh
Yredelemnul


Innate Abilities, Weirdness & Mutations

You are too large for most types of armour.
You have claws for hands.
Your metabolism is lightning-fast.
You like to eat raw meat.
You heal very quickly.
You can eat rotten meat.
You are covered in fur (AC +1).
You have very tough skin (AC +2).


Message History

Pseilin attacks!
Pseilin the merfolk comes into view. It is wielding a trident.
Drink which item? (? for menu, Esc to quit)
Okay, then.
Pseilin throws a throwing net.
The throwing net misses you.
A worm comes into view.
Pseilin throws a throwing net.
The throwing net hits you!
You become entangled in the net!
You see here a throwing net.
You struggle against the net.
You struggle against the net.
Pseilin hits you from afar with a trident!
Ouch! That really hurt!
Pseilin hits you from afar with a trident!
* * * LOW HITPOINT WARNING * * *
Drink which item? (? for menu, Esc to quit)
You feel clever all of a sudden.
It was a potion of brilliance.
Pseilin hits you from afar with a trident!
You die...

... ....##.
........ #........
. ####.........
...#.....(......
....#............
..................
.........@..##+#.
..!...............+
..........m.......
..............w...
.................
............##.#
............# .
........<....
###......#.


You could see Pseilin the merfolk and a worm.

Vanquished Creatures
  2 adders
  A giant gecko (D:1)
  An ooze (D:2)
  A hobgoblin (D:2)
  2 jackals (D:3)
  5 giant cockroaches
  A giant newt (D:2)
  A goblin (D:2)
  2 kobolds (D:2)
16 creatures vanquished.

Notes
Turn   | Place    | Note
--------------------------------------------------------------
     0 | D:1      | timbw, the Troll Arcane Marksman, began the quest for the Orb.
     0 | D:1      | Reached XP level 1. HP: 18/18 MP: 2/2
    31 | D:1      | Reached skill level 1 in Fighting
   157 | D:2      | Reached XP level 2. HP: 19/27 MP: 2/2
   195 | D:2      | Found a basalt altar of Yredelemnul.
   372 | D:3      | Reached skill level 1 in Maces & Flails
   372 | D:3      | Reached XP level 3. HP: 35/35 MP: 3/3
   406 | D:3      | Noticed a sky beast
   437 | D:4      | Found a sparkling altar of Nemelex Xobeh.
   454 | D:4      | Reached skill level 3 in Maces & Flails
   458 | D:4      | You fall through a shaft!
   458 | D:5      | Entered Level 5 of the Dungeon
   460 | D:5      | Noticed Pseilin
   465 | D:5      | Slain by Pseilin the merfolk

Action                   || total
-------------------------++-------
Melee: Unarmed           ||    42
Throw: Large rock        ||     2
 Abil: End Transformatio ||     1
Evoke: Deck              ||     7
  Use: Potion            ||     1
